 Dungeon Crawl Stone Soup version 0.26-a0-61-g6c07f0ee8d (webtiles) character file.

Game seed: 15465446810417111131

69 Dirtsage the Skirmisher (level 4, -4/38 HPs)
             Began as a Demonspawn Gladiator on June 9, 2020.
             Slain by a gnoll
             ... wielding a +0 spear
              (6 damage)
             ... on level 2 of the Dungeon.
             The game lasted 00:03:27 (1846 turns).

Dirtsage the Skirmisher (Demonspawn Gladiator)      Turns: 1846, Time: 00:03:28

Health: -4/38      AC:  4    Str: 15    XL:     4   Next: 2%
Magic:  4/4        EV: 12    Int: 10    God:
Gold:   131        SH:  0    Dex: 14    Spells: 3/3 levels left

rFire    + . .     SeeInvis .   a - +0 long sword
rCold    . . .     Gourm    .   (no shield)
rNeg     . . .     Faith    .   b - +0 leather armour
rPois    .         Spirit   .   c - +0 helmet
rElec    .         Reflect  .   (no cloak)
rCorr    .         Harm     .   (no gloves)
MR       .....                  (no boots)
Stlth    +.........             (no amulet)
HPRegen  0.12/turn              F - ring of fire
MPRegen  0.09/turn              (no ring)

@: no status effects
A: cold resistance 1
a: no special abilities


You were on level 2 of the Dungeon.
You were not hungry.

You visited 1 branch of the dungeon, and saw 2 of its levels.

You collected 131 gold pieces.


Innate Abilities, Weirdness & Mutations

Your flesh is cold resistant. (rC+)


   Skills:
 + Level 4.3 Fighting
 - Level 2.6 Long Blades
 - Level 1.7 Throwing
 - Level 2.6 Dodging


You had 3 spell levels left.
You didn't know any spells.
Your spell library was empty.

Inventory:

Hand Weapons
 a - a +0 long sword (weapon)
Missiles
 d - 5 throwing nets {=f}
Armour
 b - a +0 leather armour (worn)
 c - a +0 helmet (worn)
Jewellery
 F - a ring of fire (left hand)
Scrolls
 e - a scroll of blinking {unknown}
 g - 3 scrolls of identify {unknown}
 h - a scroll of enchant armour {unknown}
 i - 2 scrolls of amnesia {unknown}
 j - a scroll of remove curse {unknown}
Potions
 k - a potion of mutation {unknown}
Comestibles
 f - 5 rations

Dungeon Overview and Level Annotations

Branches:
Dungeon (2/15)

Altars:
Elyvilon
Nemelex Xobeh
Vehumet

..# #...# #.........#... ..#
#...# #.........#.## ..# #...#
#.........#... #.####†..#
#(........##.# ...).....#
#.........#... ######...##
#.........###. ###..#
#.........#...
#########.##########.........##.#
.........<......@g.'.............
.....#####'####.####...........#.
.................##............#.
.................##...######...#.
.................##...# #...#.
.................##...# #...#.
............÷....##...# #...#.
.....####.....#'###...# #...#.
..... #.....#.# ##### ###...#.


You could see a gnoll.


Message History

You hit the gnoll.
The gnoll is severely wounded.
The gnoll hits you but does no damage. The gnoll closely misses you.
You slash the gnoll!
You kill the gnoll!
You have reached level 4!
You feel clever.
The gnoll hits you from afar with a +0 spear.
* * * LOW HITPOINT WARNING * * *
The gnoll completely misses you.
There is an open door here.
You close the door.
A gnoll opens the door.
There is a stone staircase leading down here.
There is an open door here.
The gnoll hits you from afar with a +0 spear.
* * * LOW HITPOINT WARNING * * *
The gnoll hits you with a +0 spear.
* * * LOW HITPOINT WARNING * * *
You hit the gnoll.
The gnoll is moderately wounded.
The gnoll hits you with a +0 spear.
* * * LOW HITPOINT WARNING * * *
You completely miss the gnoll.
The gnoll is moderately wounded.
The gnoll barely misses you.
You riposte.
You barely miss the gnoll.
The gnoll is moderately wounded.
You completely miss the gnoll.
The gnoll is moderately wounded.
The gnoll hits you with a +0 spear.
You die...

Skill      XL: |  1  2  3 |
---------------+----------+-----
Fighting       | 3 4 |  4.3
Long Blades    | |  2.6
Throwing       | |  1.7
Dodging        | |  2.6

Action                   |  1- 3 |  4- 6 || total
-------------------------+-------+-------++-------
Melee: Long sword        |    81 |     3 ||    84
 Stab: Sleeping          |     1 |       ||     1
  Eat: Chunk             |     3 |       ||     3
Armor: Leather armour    |    29 |       ||    29
Dodge: Dodged            |    62 |     2 ||    64
       Rpst.: Long sword |    20 |     1 ||    21

Levels and vault maps discovered:
D:1:      minmay_arrival_semitransparent, layout_basic
D:2:      layout_basic, grunt_temple_overflow_gold_and_silver,
          grunt_temple_overflow_open, minmay_misc_feat_alley, uniq_sigmund,
          uniq_crazy_yiuf_cottage, uniq_robin

Notes
Turn   | Place    | Note
-------+----------+-------------------------------------------
     0 | D:1      | Dirtsage the Demonspawn Gladiator began the quest for the
                  | Orb.
     0 | D:1      | Reached XP level 1. HP: 16/16 MP: 1/1
   297 | D:1      | Gained mutation: Your flesh is cold resistant. (rC+)
                  | [demonic ancestry]
   297 | D:1      | Reached XP level 2. HP: 18/23 MP: 2/2
   396 | D:1      | Reached skill level 3 in Fighting
   487 | D:1      | You fall into a shaft and drop 1 floor!
  1433 | D:2      | Reached XP level 3. HP: 29/29 MP: 3/3
  1453 | D:2      | Reached skill level 4 in Fighting
  1730 | D:2      | Found a white marble altar of Elyvilon.
  1736 | D:2      | Found a sparkling altar of Nemelex Xobeh.
  1737 | D:2      | Found a radiant altar of Vehumet.
  1768 | D:2      | HP: 3/30 [gnoll/+0 whip (5)]
  1770 | D:2      | Reached XP level 4. HP: 5/38 MP: 4/4
  1770 | D:2      | HP: 1/38 [gnoll/+0 spear (4)]
  1844 | D:2      | HP: 2/38 [gnoll/+0 spear (2)]
  1846 | D:2      | Slain by a gnoll

Vanquished Creatures
  3 gnolls (D:2)
  3 dart slugs (D:1)
  4 giant cockroaches
  2 goblins
  2 hobgoblins
  3 jackals (D:1)
  5 kobolds
  A ball python (D:2)
  4 bats
  2 frilled lizards (D:1)
  7 rats
36 creatures vanquished.
